 Dungeon Crawl Stone Soup version 0.25.1-2-g60ff931df9 (webtiles) character file.

Game seed: 10993592493396530154

570 nikku the Sneak (level 7, 0/35 HPs)
             Began as a Spriggan Assassin on Aug 25, 2020.
             Was a Follower of Dithmenos.
             Killed from afar by Dowan (22 damage)
             ... with a shard of ice
             ... on level 4 of the Dungeon on Aug 27, 2020.
             The game lasted 00:14:42 (4025 turns).

nikku the Sneak (Spriggan Assassin)                 Turns: 4025, Time: 00:14:42

Health: 0/35       AC:  3    Str:  9    XL:     7   Next: 11%
Magic:  8/8        EV: 19    Int: 12    God:    Dithmenos [*.....]
Gold:   100        SH:  6    Dex: 18    Spells: 6/6 levels left

rFire    . . .     SeeInvis +   a - +2 dagger
rCold    . . .     Gourm    .   l - +0 buckler
rNeg     . . .     Faith    .   m - +0 robe
rPois    .         Spirit   .   (helmet restricted)
rElec    .         Reflect  .   c - +0 cloak
rCorr    .         Harm     .   (gloves unavailable)
MR       +....                  (boots unavailable)
Stlth    ++++......             (no amulet)
HPRegen  0.11/turn              (no ring)
MPRegen  0.11/turn              (no ring)

@: wreathed by umbra, very quick
A: very small, unfitting armour, see invisible, herbivore, speed 3, slow
metabolism 2
a: Renounce Religion


You were on level 4 of the Dungeon.
You worshipped Dithmenos.
Dithmenos was aware of your devotion.
You were hungry.

You visited 1 branch of the dungeon, and saw 6 of its levels.

You collected 100 gold pieces.

Inventory:

Hand Weapons
 a - a +2 dagger (weapon)
 b - a +0 hunting sling
Missiles
 e - 2 curare-tipped darts
 o - 2 poisoned darts (quivered)
 r - 2 sling bullets
Armour
 c - a +0 cloak (worn)
 l - a +0 buckler (worn)
 m - a +0 robe (worn)
Scrolls
 i - a scroll of magic mapping
 k - 4 scrolls of identify
Potions
 d - 2 potions of curing
 g - a potion of heal wounds
Comestibles
 f - 5 rations


   Skills:
 + Level 2.8 Fighting
 + Level 3.8 Short Blades
 + Level 2.9(4.0) Slings
 + Level 3.4(3.9) Throwing
 + Level 4.3 Dodging
 + Level 7.5 Stealth
 + Level 1.5 Shields


You had 6 spell levels left.
You didn't know any spells.
Your spell library was empty.

Dungeon Overview and Level Annotations

Branches:
Dungeon (6/15)
 Temple: D:4-7

Altars:
Ashenzari
Dithmenos
Fedhas
Wu Jian
Xom
Yredelemnul
The Shining One

Shops:
D:4 (   D:6 *

Annotations:
D:4 Dowan, Pikel
D:6 Blork the orc


Innate Abilities, Weirdness & Mutations

You are very small and have problems with some larger weapons.
You are too small for most types of armour.
You have supernaturally acute eyesight. (SInv)
You are a herbivore.
You cover ground extremely quickly.
You need to consume almost no food.


Message History

Dowan mumbles some strange words.
Dowan seems to speed up.
a - a +2 dagger (weapon)
Dowan casts a spell.
Dowan blinks!
Throwing (i - inventory. (/) - cycle)
o - 4 poisoned darts (quivered)
Press: ? - help, Shift-Dir - straight line, f/p - Dowan
Aim: Dowan, wielding a +0 dagger and wearing a +0 robe (moderately wounded, fast)
You throw a poisoned dart. The poisoned dart hits Dowan.
Dowan is poisoned.
Dowan is moderately wounded.
Throwing (i - inventory. (/) - cycle)
o - 3 poisoned darts (quivered)
Press: ? - help, Shift-Dir - straight line, f/p - Dowan
Aim: Dowan, wielding a +0 dagger and wearing a +0 robe (moderately wounded, fast, poisoned)
You throw a poisoned dart. The poisoned dart hits Dowan.
Dowan looks even sicker.
Dowan is moderately wounded.
Dowan gestures at you while chanting. The shard of ice hits you!!
Ouch! That really hurt!
You die...

##### #...# ###.#.#
####.._.[#########
#....#.#.........#
#e####...#####.### #.# #####
#.# ########
#@############.### #......#
#.#..............# #......#
#§#.############## #......#
#.#.##############
###......#
#.#..............#
.........#
#.#############.##
.....###########(# .. #.#
.....###...#.g.(.#.#.# #.#
.(§..(.'.§(((..((...>#######
#.#


You could see Dowan (fast, very poisoned).

Vanquished Creatures
  Duvessa (D:4)
  6 killer bees (D:3)
  An iguana (D:3)
  A worker ant (D:5)
  2 gnolls (D:4)
  6 adders
  An adder skeleton (D:4)
  A worm (D:2)
  4 leopard geckos
  2 orcs
  A ball python (D:2)
  7 bats
  2 giant cockroaches
  6 goblins
  12 hobgoblins
  8 jackals
  4 kobolds
  2 quokkas
  5 frilled lizards
  7 rats
79 creatures vanquished.

Notes
Turn   | Place    | Note
-------+----------+-------------------------------------------
     0 | D:1      | nikku the Spriggan Assassin began the quest for the Orb.
     0 | D:1      | Reached XP level 1. HP: 10/10 MP: 2/2
   272 | D:1      | Reached skill level 6 in Stealth
   273 | D:1      | Reached XP level 2. HP: 14/15 MP: 3/3
  1011 | D:2      | Reached XP level 3. HP: 8/18 MP: 4/4
  1236 | D:2      | Found a shadowy altar of Dithmenos.
  1248 | D:2      | Became a worshipper of Dithmenos the Shadowed
  1575 | D:2      | You fall into a shaft and drop 1 floor!
  1698 | D:2      | Found a shimmering altar of Xom.
  1880 | D:2      | Reached XP level 4. HP: 23/23 MP: 5/5
  2262 | D:3      | Reached skill level 1 in Slings
  2375 | D:3      | Found a shattered altar of Ashenzari.
  2398 | D:3      | Reached * piety under Dithmenos
  2521 | D:3      | You fall into a shaft and drop 3 floors!
  2537 | D:5      | Entered Level 5 of the Dungeon
  2537 | D:5      | Found a basalt altar of Yredelemnul.
  2537 | D:5      | Found a glowing golden altar of the Shining One.
  2537 | D:5      | Found a shattered altar of Ashenzari.
  2537 | D:5      | Found an ornate altar of the Wu Jian Council.
  2572 | D:6      | Noticed an orc warrior
  2590 | D:6      | Noticed an ice beast
  2614 | D:6      | Noticed an ogre
  2614 | D:6      | Noticed Blork the orc
  2654 | D:6      | Found Ickuiben's Assorted Antiques.
  2680 | D:5      | Reached XP level 5. HP: 26/26 MP: 6/6
  2791 | D:4      | Noticed Duvessa
  2809 | D:4      | Noticed a slave
  2811 | D:4      | Noticed Pikel
  2816 | D:4      | Noticed a slave
  2818 | D:4      | Noticed a slave
  2818 | D:4      | Noticed a slave
  3213 | D:3      | HP: 1/26 [poisoned by a killer bee]
  3224 | D:3      | Reached skill level 1 in Shields
  3231 | D:3      | Reached skill level 7 in Stealth
  3231 | D:3      | Reached XP level 6. HP: 26/32 MP: 7/7
  3905 | D:4      | Found a blossoming altar of Fedhas.
  3935 | D:4      | Found Iwozia's Weapon Shop.
  3982 | D:4      | Killed Duvessa
  3982 | D:4      | Reached XP level 7. HP: 35/35 MP: 8/8
  3984 | D:4      | Noticed Dowan
  4025 | D:4      | Killed from afar by Dowan

Illustrated notes

Levels and vault maps discovered:
D:1:      dpeg_arrival_arbitrary_b, layout_loops_ring
D:2:      layout_rooms, lemuel_round_altar, lemuel_round_altar
D:3:      layout_loops_cross, first_ration, grunt_ministairs_9,
          ashenzari_altar_1
D:4:      layout_basic, lemuel_crystal_altar, serial_shops, shop, minivault_11,
          uniq_pikel, uniq_duvessa
D:5:      layout_basic, nicolae_overflow_hidden_temple, kennysheep_slug_shrine
D:6:      minmay_recursive_quarters, layout_basic, serial_shops,
          nicolae_shop_statue_plus, minmay_misc_feat_room, uniq_blork_the_orc,
          uniq_edmund

Skill      XL: |  1  2  3  4  5  6 |
---------------+-------------------+-----
Stealth        | 6 7 |  7.5
Dodging        | 2 3 4 |  4.3
Fighting       | 2 |  2.8
Slings         | 1 2 |  2.9
Short Blades   | 3 |  3.8
Throwing       | 3 |  3.4
Shields        | 1 |  1.5

Action                   |  1- 3 |  4- 6 |  7- 9 || total
-------------------------+-------+-------+-------++-------
Melee: Dagger            |   119 |   122 |       ||   241
 Fire: Hunting sling     |       |    13 |    13 ||    26
Throw: Dart              |    37 |    18 |     2 ||    57
  Use: Scroll            |     3 |     4 |       ||     7
       Potion            |     1 |     7 |       ||     8
 Stab: Sleeping          |     9 |     7 |       ||    16
       Distracted        |       |     1 |       ||     1
       Invisible         |       |     3 |       ||     3
Armor: Robe              |    15 |     9 |       ||    24
       Skin              |       |    45 |       ||    45
Dodge: Dodged            |    65 |    96 |       ||   161
Block: Buckler           |    16 |    51 |     1 ||    68
